 Dungeon Crawl Stone Soup version 0.29.1-15-g9cfb28693d (webtiles) character file.

Game seed: 2443492089057866400

65396 croobank the Thaumaturge (level 15, -2/103 HPs)
             Began as a Gnoll Conjurer on May 2, 2023.
             Was the Champion of Hepliaklqana.
             Shot with an arrow by a centaur warrior (9 damage)
             ... on level 14 of the Dungeon on May 3, 2023.
             The game lasted 02:18:38 (24837 turns).

croobank the Thaumaturge (Gnoll Conjurer)          Turns: 24837, Time: 02:18:38

Health: -2/103     AC: 11    Str: 11    XL:     15   Next: 16%
Magic:  30/30      EV: 13    Int: 25    God:    Hepliaklqana [******]
Gold:   1297       SH:  8    Dex: 11    Spells: 9/36 levels left

rFire   . . .      SeeInvis .   a - +10 hand axe of Equivalence {vorpal, rN+ Str+3 Int+2}
rCold   . . .      Faith    .   B - +2 buckler
rNeg    + . .      Spirit   .   W - +0 ring mail {rPois}
rPois   +          Reflect  .   O - +0 helmet
rElec   .          Harm     .   (no cloak)
rCorr   .          Rampage  .   p - +0 pair of gloves
Will    ++...                   o - +0 pair of boots
Stlth   ++++......              V - amulet of magic regeneration
HPRegen 0.27/turn               S - ring of wizardry
MPRegen 0.62/turn               Z - ring of willpower

@: on berserk cooldown, slowed, very slow
A: reduced essence, fangs 1, strong nose, distributed training
a: Renounce Religion, Recall Ancestor, Ancestor Identity, Transference, Idealise


You were on level 14 of the Dungeon.
You worshipped Hepliaklqana.
Hepliaklqana was exalted by your worship.
You visited 3 branches of the dungeon, and saw 22 of its levels.
You also visited: Ossuary.

You collected 1857 gold pieces.
You spent 560 gold pieces at shops.

Inventory:

Hand Weapons
 a - the +10 hand axe of Equivalence (weapon) {vorpal, rN+ Str+3 Int+2}
   (You found it on level 5 of the Lair of Beasts)

   It inflicts extra damage upon your enemies.
   Str:       It affects your strength (+3).
   Int:       It affects your intelligence (+2).
   rN:        It protects you from negative energy.
 t - a +2 long sword of holy wrath
 E - a +6 vampiric falchion
 H - a +0 broad axe
 Q - a +3 scimitar
 T - a +0 short sword of speed
Missiles
 g - 2 boomerangs of dispersal (quivered)
 v - a throwing net
 I - 16 boomerangs
 M - 7 curare-tipped darts
Armour
 o - a +0 pair of boots (worn)
 p - a +0 pair of gloves (worn)
 B - a +2 buckler (worn)
 O - a +0 helmet (worn)
 P - +0 steam dragon scales
 U - +0 acid dragon scales
 W - a +0 ring mail of poison resistance (worn)
Magical Staves
 z - a staff of poison
 A - a staff of air
Jewellery
 q - a ring of ice
 D - an amulet of regeneration
 S - a ring of wizardry (left hand)
 V - an amulet of magic regeneration (around neck)
 X - an amulet of reflection
 Y - a +4 ring of protection
 Z - a ring of willpower (right hand)
Wands
 j - a wand of flame (22)
 s - a wand of mindburst (28)
 x - a wand of roots (4)
 C - a wand of charming (6)
 R - a wand of polymorph (13)
Scrolls
 d - 2 scrolls of poison
 e - a scroll of silence
 h - 5 scrolls of fog
 y - a scroll of fear
 J - 5 scrolls of identify
 K - 2 scrolls of magic mapping
 L - 4 scrolls of vulnerability
 N - 7 scrolls of teleportation
Potions
 b - 2 potions of magic
 c - 10 potions of curing
 f - 4 potions of attraction
 i - 5 potions of mutation
 k - 4 potions of brilliance
 l - a potion of berserk rage
 m - 2 potions of ambrosia
 n - a potion of haste
 r - 3 potions of might
 u - 2 potions of flight
 w - 3 potions of resistance
 G - 8 potions of lignification


   Skills:
 + Level 10.2 Fighting
 + Level 10.2 Short Blades
 + Level 10.2 Long Blades
 + Level 10.2 Axes
 + Level 10.2 Maces & Flails
 + Level 10.2 Polearms
 + Level 10.2 Staves
 + Level 10.2 Ranged Weapons
 + Level 10.2 Throwing
 + Level 10.2 Armour
 + Level 11.2 Dodging
 + Level 11.0 Stealth
 + Level 10.2 Shields
 + Level 10.2 Unarmed Combat
 + Level 11.3 Spellcasting
 + Level 11.1 Conjurations
 + Level 8.5 Hexes
 + Level 8.5 Summonings
 + Level 8.5 Necromancy
 + Level 8.5 Translocations
 + Level 8.5 Transmutations
 + Level 8.5 Fire Magic
 + Level 8.5 Ice Magic
 + Level 8.5 Air Magic
 + Level 8.5 Earth Magic
 + Level 8.5 Poison Magic
 + Level 11.1 Invocations
 + Level 10.2 Evocations


You had 9 spell levels left.
You knew the following spells:

 Your Spells              Type           Power      Damage    Failure   Level
a - Magic Dart            Conj           100%       1d8       1%          1
b - Searing Ray           Conj           100%       2d8       1%          2
c - Dazzling Flash        Conj/Hex       100%       N/A       1%          3
d - Iskenderun's Mystic   Conj/Tloc      59%        2d12      1%          4
e - Frozen Ramparts       Ice            100%       1d16      1%          3
f - Blink                 Tloc           100%       N/A       1%          2
g - Hailstorm             Conj/Ice       59%        3d13      1%          4
h - Summon Guardian Gole  Hex/Summ       55%        N/A       1%          3
i - Summon Mana Viper     Hex/Summ       55%        N/A       3%          5

Your spell library contained the following spells:

 Spells                   Type           Power      Damage    Failure   Level
 Freeze                   Ice            100%       1d11      1%          1
 Slow                     Hex            100%       N/A       1%          1
 Poisonous Vapours        Pois/Air       100%       N/A       1%          2
 Confusing Touch          Hex            55%        N/A       1%          3
 Gell's Gravitas          Tloc           55%        N/A       1%          3
 Ignite Poison            Fire/Tmut/Pois 55%        N/A       1%          3
 Lesser Beckoning         Tloc           55%        N/A       1%          3
 Mephitic Cloud           Conj/Pois/Air  57%        N/A       1%          3
 Portal Projectile        Hex/Tloc       100%       N/A       1%          3
 Stone Arrow              Conj/Erth      100%       3d13      1%          3
 Teleport Other           Tloc           55%        N/A       1%          3
 Animate Armour           Summ/Erth      100%       N/A       1%          4
 Corpse Rot               Necr/Pois/Air  55%        N/A       1%          4
 Fulminant Prism          Conj/Hex       29%        3d14      1%          4
 Leda's Liquefaction      Hex/Erth       27%        N/A       1%          4
 Freezing Cloud           Conj/Ice/Air   28%        6-21      2%          5
 Lee's Rapid Deconstruct  Erth           27%        3d16*     3%          5
 Manifold Assault         Tloc           55%        N/A       3%          5
 Dispersal                Tloc           27%        N/A       19%         6
 Statue Form              Tmut/Erth      36%        N/A       19%         6
 Orb of Destruction       Conj           31%        9d10      32%         7
 Spellforged Servitor     Conj/Summ      29%        N/A       50%         7
 Storm Form               Tmut/Air       27%        N/A       67%         7
 Lehudib's Crystal Spear  Conj/Erth      29%        10d8      99%         8
 Disjunction              Tloc           27%        N/A       100%        8


Dungeon Overview and Level Annotations

Branches:
Dungeon (15/15)            Temple (0/1) D:6            Lair (5/5) D:10
 Shoals (0/4) Lair:2       Spider (0/4) Lair:2        Slime (0/5) Lair:5
    Orc (2/2) D:12            Elf (0/3) Orc:2       Ossuary (visited)
 Vaults: D:13-14     Depths: D:15

Altars:
Cheibriados
Elyvilon
Hepliaklqana
Kikubaaqudgha
Makhleb
Nemelex Xobeh
Okawaru
Qazlal
Ru
Sif Muna
Vehumet
Zin
The Shining One
Jiyva

Shops:
D:7 *   D:9 ((   D:13 *   Orc:2 *:(*

Annotations:
D:5 2 transporters, om's ghost, novice TrBe
D:9 2 transporters
D:12 exclusion: downstairs
Lair:5 exclusion: oklob plant


Innate Abilities, Weirdness & Mutations

Your life essence is reduced to manifest your ancestor. (-10% HP)
You have very sharp teeth.
Your uncanny sense of smell can sniff out nearby items.
Your experience applies equally to all skills.


Message History

You slash the centaur!
The centaur is heavily wounded.
The centaur shoots an arrow.
The arrow closely misses you.
The centaur hits you but does no damage.
The centaur kicks you but does no damage.
You hit the centaur.
The centaur is severely wounded.
The centaur hits you but does no damage.
The centaur closely misses you.
The centaur shoots an arrow.
The arrow hits you.
* * * LOW HITPOINT WARNING * * *
You hear a shout!
You slash the centaur!
You kill the centaur!
The centaur shoots an arrow.
You block the arrow.
The centaur unwields a +0 shortbow.
The centaur closely misses you. The centaur misses you.
You slash the centaur! You bite the centaur!
The centaur is severely wounded.
You slash the centaur!
You kill the centaur!
A boggart comes into view.
A centaur comes into view.
The centaur wields a +0 shortbow.
The centaur shoots an arrow.
You block the arrow.
You feel a strong urge to attack something.
You are no longer berserk.
You are exhausted.
You feel yourself slow down.
The centaur warrior wields a +0 shortbow.
The centaur warrior shoots an arrow.
The arrow hits you but does no damage.
You hear a shout!
You hear a deafening roar!
You hear a shout! x2
You see here a +0 glaive.
The centaur warrior shoots an arrow.
The arrow hits you!
* * * LOW HITPOINT WARNING * * *
Okay, then.
The centaur warrior shoots an arrow.
Keep disrobing?
You stop removing your amulet.
The arrow hits you!
You die...

g. #...# #......
#~~≈≈ #.....##
cg.####......#
#....##......#
#c....#......#
#######c...#......#
#...).....##.....#
#.........##@....##..
#..>......c..........
+........[.[.<.....$.
##.####...##.()......
#. ###..(.....##.. #.
###...)..# #.
###....# .. ####?.. ∆
.. ∆ #...


You could see a centaur warrior.

Vanquished Creatures
  2 hydras
  A catoblepas (Lair:5)
  A centaur warrior (D:14)
  3 two-headed ogres
  4 death yaks (Lair:5)
  An orc high priest (Orc:2)
  Amaemon (D:8)
  A necromancer (D:15)
  An ugly thing (D:13)
  2 orc knights (Orc:2)
  3 cyclopes
  An orc sorcerer (Orc:2)
  4 manticores
  3 elephants (Lair:2)
  2 black mambas
  3 gargoyles
  An orange demon (D:8)
  2 kobold demonologists (D:12)
  5 cane toads
  2 rime drakes
  2 komodo dragons
  A tengu conjurer (D:13)
  5 trolls
  A hornet (D:10)
  6 blink frogs
  3 dream sheep
  A culicivora (Lair:2)
  45 yaks
  A wyvern (Lair:2)
  A vampire (D:12)
  A basilisk (shapeshifter) (D:11)
  A wraith (D:12)
  3 vampire mosquitoes (D:12)
  Menkaure (D:4)
  3 water moccasins
  4 orc warriors
  An ogre (D:12)
  2 wolves (Lair:3)
  7 centaurs
  5 kobold brigands (D:12)
  A bullfrog (D:6)
  4 scorpions
  6 killer bees (D:11)
  A howler monkey (D:9)
  2 electric eels
  A nameless horror (Orc:2)
  9 orc priests
  Jessica (D:2)
  Natasha (thrice) (D:2)
  7 orc wizards
  3 mummies (Ossuary)
  11 gnolls
  7 adders
  A white imp (D:7)
  An ufetubus (D:5)
  2 worms
  A dart slug (D:5)
  30 orcs
  3 endoplasms
  6 giant cockroaches
  A gnoll zombie (Ossuary)
  3 goblins
  5 hobgoblins
  6 jackals
  3 quokkas
  8 ball pythons
  2 bats (D:2)
  A frilled lizard (D:2)
  7 kobolds
  An orc zombie (Ossuary)
  A quokka zombie (D:7)
  6 rats
  A rat zombie (D:7)
282 creatures vanquished.

Vanquished Creatures (collateral kills)
  3 hydras
  A boulder beetle (Lair:2)
  3 catoblepae
  2 centaur warriors (D:13)
  3 orc high priests
  A deep troll (D:15)
  2 orc knights (Orc:2)
  2 cyclopes
  2 ugly things
  2 orc sorcerers (Orc:2)
  An elephant (Lair:2)
  A manticore (D:13)
  2 black mambas (Lair:5)
  2 unseen horrors
  6 cane toads
  4 komodo dragons
  Psyche (D:9)
  2 rime drakes
  2 kobold demonologists (D:12)
  3 trolls
  2 polar bears
  7 blink frogs
  3 jumping spiders (Lair:2)
  A dream sheep (Lair:5)
  A shadow (D:11)
  27 yaks
  3 wyverns
  A basilisk (Lair:5)
  A golden eye (shapeshifter) (D:15)
  7 vampire mosquitoes
  A steam dragon (D:8)
  A redback (shapeshifter) (D:14)
  2 wargs
  3 water moccasins
  An acid dragon (D:13)
  An ice beast (D:7)
  18 orc warriors
  A sky beast (D:7)
  5 ogres
  A black bear (D:6)
  9 centaurs
  4 wolves
  3 kobold brigands
  A scorpion (D:5)
  3 bullfrogs
  A gnoll sergeant (D:12)
  An electric eel (D:10)
  A howler monkey (D:9)
  3 hounds
  A jelly (D:6)
  10 orc priests
  A gnoll bouda (D:8)
  An iguana (D:5)
  Ijyb (D:3)
  14 orc wizards
  5 mummies (Ossuary)
  12 gnolls
  4 adders
  A shadow imp (D:7)
  A white imp (D:6)
  47 orcs
  An endoplasm (D:1)
  2 hobgoblins
  A jackal (D:3)
  2 quokkas (D:3)
  2 gnoll zombies (Ossuary)
  A hobgoblin zombie (Ossuary)
  3 kobolds
  A kobold zombie (Ossuary)
  2 orc zombies (Ossuary)
  2 rats
273 creatures vanquished.

Vanquished Creatures (others)
  An ettin (Orc:1)
  A tengu warrior (D:14)
  A skeletal warrior (D:14)
  An orc knight (D:15)
  A wizard (D:15)
  3 orc warriors
  20 battlemagi
  2 orcs (D:15)
  35 fungi
  54 plants
119 creatures vanquished.

Grand Total: 674 creatures vanquished

Notes
Turn   | Place    | Note
-------+----------+-------------------------------------------
     0 | D:1      | croobank the Gnoll Conjurer began the quest for the Orb.
     0 | D:1      | Reached XP level 1. HP: 13/13 MP: 6/6
   219 | D:1      | Reached XP level 2. HP: 19/19 MP: 3/7
   222 | D:1      | Learned a level 2 spell: Searing Ray
   378 | D:1      | Found a faded altar of an unknown god.
   390 | D:1      | Prayed at the altar of an unknown god.
   390 | D:1      | Became a worshipper of Hepliaklqana the Forgotten
   390 | D:1      | Reached * piety under Hepliaklqana
   748 | D:1      | Reached skill level 5 in Spellcasting
   748 | D:1      | Reached XP level 3. HP: 22/22 MP: 7/9
   907 | D:2      | Reached skill level 1 in Invocations
  1087 | D:2      | Noticed Jessica
  1091 | D:2      | Killed Jessica
  1092 | D:2      | Reached skill level 1 in Fighting
  1092 | D:2      | Reached skill level 1 in Short Blades
  1092 | D:2      | Reached skill level 1 in Long Blades
  1092 | D:2      | Reached skill level 1 in Axes
  1092 | D:2      | Reached skill level 1 in Maces & Flails
  1092 | D:2      | Reached skill level 1 in Polearms
  1092 | D:2      | Reached skill level 1 in Staves
  1092 | D:2      | Reached skill level 1 in Ranged Weapons
  1092 | D:2      | Reached skill level 1 in Throwing
  1092 | D:2      | Reached skill level 1 in Armour
  1092 | D:2      | Reached skill level 1 in Shields
  1092 | D:2      | Reached skill level 1 in Unarmed Combat
  1092 | D:2      | Reached skill level 1 in Evocations
  1092 | D:2      | Reached XP level 4. HP: 28/28 MP: 7/11
  1295 | D:2      | Reached skill level 1 in Hexes
  1295 | D:2      | Reached skill level 1 in Summonings
  1295 | D:2      | Reached skill level 1 in Necromancy
  1295 | D:2      | Reached skill level 1 in Translocations
  1295 | D:2      | Reached skill level 1 in Transmutations
  1295 | D:2      | Reached skill level 1 in Fire Magic
  1295 | D:2      | Reached skill level 1 in Ice Magic
  1295 | D:2      | Reached skill level 1 in Air Magic
  1295 | D:2      | Reached skill level 1 in Earth Magic
  1295 | D:2      | Reached skill level 1 in Poison Magic
  1349 | D:2      | Found a shimmering blue altar of Sif Muna.
  1363 | D:2      | Noticed Natasha
  1369 | D:2      | Killed Natasha
  1415 | D:2      | Reached ** piety under Hepliaklqana
  1416 | D:2      | Remembered your ancestor Henutmehyt as a battlemage
  1737 | D:2      | Noticed Natasha
  1744 | D:2      | Killed Natasha
  1745 | D:2      | Reached XP level 5. HP: 33/33 MP: 2/12
  1916 | D:2      | Noticed Natasha
  1920 | D:2      | Killed Natasha
  1932 | D:2      | Learned a level 3 spell: Dazzling Flash
  1943 | D:1      | Learned a level 4 spell: Iskenderun's Mystic Blast
  1988 | D:3      | Found a radiant altar of Vehumet.
  1994 | D:3      | Reached XP level 6. HP: 39/39 MP: 1/14
  2166 | D:3      | Reached skill level 5 in Dodging
  2739 | D:3      | Noticed Ijyb
  2747 | D:3      | Killed Ijyb
  3262 | D:4      | Reached *** piety under Hepliaklqana
  3267 | D:4      | Learned a level 3 spell: Frozen Ramparts
  3312 | D:4      | Noticed Menkaure
  3319 | D:4      | Killed Menkaure
  3320 | D:4      | Reached XP level 7. HP: 25/45 MP: 12/15
  3819 | D:4      | Reached skill level 5 in Stealth
  4274 | D:5      | Entered Level 5 of the Dungeon
  4629 | D:5      | Reached XP level 8. HP: 52/52 MP: 9/16
  4829 | D:5      | Found a transporter.
  4849 | D:5      | Found a transporter.
  4853 | D:5      | Noticed om's ghost (novice TrBe)
  4855 | D:5      | Reached **** piety under Hepliaklqana
  5362 | D:6      | Found a staircase to the Ecumenical Temple.
  5765 | D:6      | Found a hazy altar of Hepliaklqana.
  5839 | D:6      | Found an iron altar of Okawaru.
  6105 | D:7      | Reached XP level 9. HP: 58/58 MP: 11/18
  6159 | D:7      | Found a sand-covered staircase.
  6197 | Ossuary  | Entered an ossuary
  6403 | D:7      | Found Bawag's General Store.
  6412 | D:7      | Bought a scroll of vulnerability for 56 gold pieces
  6412 | D:7      | Bought a potion of brilliance for 56 gold pieces
  6810 | D:7      | Found a glowing golden altar of the Shining One.
  6815 | D:7      | Found a snail-covered altar of Cheibriados.
  7041 | D:8      | Learned a level 2 spell: Blink
  7055 | D:8      | Noticed an orange demon
  7056 | D:8      | Noticed Amaemon
  7059 | D:8      | Killed an orange demon
  7060 | D:8      | Reached skill level 5 in Invocations
  7065 | D:8      | Killed Amaemon
  7094 | D:8      | Reached skill level 5 in Fighting
  7094 | D:8      | Reached skill level 5 in Short Blades
  7094 | D:8      | Reached skill level 5 in Long Blades
  7094 | D:8      | Reached skill level 5 in Axes
  7094 | D:8      | Reached skill level 5 in Maces & Flails
  7094 | D:8      | Reached skill level 5 in Polearms
  7094 | D:8      | Reached skill level 5 in Staves
  7094 | D:8      | Reached skill level 5 in Ranged Weapons
  7094 | D:8      | Reached skill level 5 in Throwing
  7094 | D:8      | Reached skill level 5 in Armour
  7094 | D:8      | Reached skill level 5 in Shields
  7094 | D:8      | Reached skill level 5 in Unarmed Combat
  7094 | D:8      | Reached skill level 5 in Evocations
  7094 | D:8      | Reached XP level 10. HP: 40/66 MP: 14/20
  8105 | D:8      | Found an ancient bone altar of Kikubaaqudgha.
  8270 | D:9      | Found a white marble altar of Elyvilon.
  8270 | D:9      | Noticed a cyclops
  8270 | D:9      | Noticed a manticore
  8277 | D:9      | Found a transporter.
  8316 | D:9      | Found Dyruotur's Weapon Shop.
  8363 | D:9      | Reached ***** piety under Hepliaklqana
  8492 | D:9      | Found a burning altar of Makhleb.
  8557 | D:9      | Noticed a two-headed ogre
  8565 | D:9      | Killed a two-headed ogre
  8695 | D:9      | Learned a level 4 spell: Hailstorm
  8779 | D:9      | Noticed a two-headed ogre
  8790 | D:9      | Killed a two-headed ogre
  8791 | D:9      | Reached skill level 5 in Hexes
  8791 | D:9      | Reached skill level 5 in Summonings
  8791 | D:9      | Reached skill level 5 in Necromancy
  8791 | D:9      | Reached skill level 5 in Translocations
  8791 | D:9      | Reached skill level 5 in Transmutations
  8791 | D:9      | Reached skill level 5 in Fire Magic
  8791 | D:9      | Reached skill level 5 in Ice Magic
  8791 | D:9      | Reached skill level 5 in Air Magic
  8791 | D:9      | Reached skill level 5 in Earth Magic
  8791 | D:9      | Reached skill level 5 in Poison Magic
  8791 | D:9      | Reached XP level 11. HP: 72/72 MP: 2/22
  9050 | D:9      | Found Raw Xink's Weapon Boutique.
  9140 | D:9      | Found a transporter.
  9369 | D:9      | Found a sacrificial altar of Ru.
  9551 | D:9      | Noticed Psyche
  9557 | D:9      | Killed Psyche
  9690 | D:9      | Found a sparkling altar of Nemelex Xobeh.
  9696 | D:9      | Found a stormy altar of Qazlal.
  9696 | D:9      | Found a glowing silver altar of Zin.
 10108 | D:10     | Entered Level 10 of the Dungeon
 10441 | D:10     | Found a staircase to the Lair.
 10452 | D:10     | Noticed a two-headed ogre
 10464 | D:10     | Killed a two-headed ogre
 11714 | D:11     | Noticed a cyclops
 11734 | D:11     | Reached XP level 12. HP: 47/81 MP: 19/24
 12220 | D:11     | You fall into a shaft and drop 1 floor!
 12978 | D:12     | Found a staircase to the Orcish Mines.
 13247 | D:12     | Noticed a seven-headed hydra
 13256 | D:12     | Killed a seven-headed hydra
 13757 | D:13     | Noticed a catoblepas
 13760 | D:13     | Noticed a centaur warrior
 14038 | Lair:1   | Entered Level 1 of the Lair of Beasts
 14775 | Lair:1   | Learned a level 3 spell: Summon Guardian Golem
 14784 | Lair:2   | Reached ****** piety under Hepliaklqana
 14871 | Lair:2   | Reached XP level 13. HP: 86/88 MP: 7/26
 14999 | Lair:2   | Found a staircase to the Shoals.
 15184 | Lair:2   | Reached skill level 10 in Conjurations
 15632 | Lair:2   | Found a hole to the Spider Nest.
 16366 | Lair:3   | Reached skill level 10 in Spellcasting
 16705 | Lair:3   | Identified a scroll of acquirement
 16705 | Lair:3   | Acquired Ithuun's Compilation of Hexes
 16713 | Lair:3   | Learned a level 5 spell: Summon Mana Viper
 17714 | Lair:4   | Reached skill level 10 in Dodging
 18246 | Lair:5   | Entered Level 5 of the Lair of Beasts
 18855 | Lair:5   | Reached skill level 10 in Stealth
 19083 | Lair:5   | Reached XP level 14. HP: 83/97 MP: 12/28
 19089 | Lair:5   | Reached skill level 10 in Invocations
 20003 | Lair:5   | Found a viscous altar of Jiyva.
 20005 | Lair:5   | Found a staircase to the Slime Pits.
 20540 | Lair:5   | Identified the +10 hand axe of Equivalence {vorpal, rN+
                  | Str+3 Int+2}
 20972 | Orc:1    | Entered Level 1 of the Orcish Mines
 21272 | Orc:2    | Entered Level 2 of the Orcish Mines
 22030 | Orc:2    | Found a staircase to the Elven Halls.
 22774 | Orc:2    | Found Esehef's Antique Weapon Emporium.
 22774 | Orc:2    | Found Toecinala's General Store.
 22778 | Orc:2    | Found Teleuw's Book Shop.
 22778 | Orc:2    | Found Qeowk's Assorted Antiques.
 22801 | Orc:2    | Bought a Trismegistus Codex for 448 gold pieces
 23155 | D:13     | Found Vohiwaemp's Assorted Antiques.
 23858 | D:13     | Reached skill level 10 in Fighting
 23858 | D:13     | Reached skill level 10 in Short Blades
 23858 | D:13     | Reached skill level 10 in Long Blades
 23858 | D:13     | Reached skill level 10 in Axes
 23858 | D:13     | Reached skill level 10 in Maces & Flails
 23858 | D:13     | Reached skill level 10 in Polearms
 23858 | D:13     | Reached skill level 10 in Staves
 23858 | D:13     | Reached skill level 10 in Ranged Weapons
 23858 | D:13     | Reached skill level 10 in Throwing
 23858 | D:13     | Reached skill level 10 in Armour
 23858 | D:13     | Reached skill level 10 in Shields
 23858 | D:13     | Reached skill level 10 in Unarmed Combat
 23858 | D:13     | Reached skill level 10 in Evocations
 24187 | D:13     | Found a white marble altar of Elyvilon.
 24533 | D:14     | Reached XP level 15. HP: 42/103 MP: 22/30
 24745 | D:15     | Entered Level 15 of the Dungeon
 24837 | D:14     | Shot with an arrow by a centaur warrior

Illustrated notes

Levels and vault maps discovered:
D:1:      nzn_arrival_settlement, layout_basic,
          shapermc_ecumenical_altar_pompeii
D:2:      layout_basic, basic_altar, uniq_natasha, uniq_jessica
D:3:      layout_loops_ring, vehumet_altar_wand_db, uniq_ijyb
D:4:      layout_gridville, minmay_misc_feat_cross, uniq_menkaure
D:5:      layout_cave_pools, gammafunk_ghost_stat_death
D:6:      layout_loops_ring, mainiacjoe_overflow_swirl,
          minmay_temple_entry_statues_pillars
D:7:      layout_cave_pods, mainiacjoe_overflow_big_doors, enter_ossuary_4,
          serial_shops, nicolae_square_shop, chequers_serial_rivers_small_3,
          nicolae_fountain_basement
D:8:      layout_loops_ring, nicolae_overflow_hidden_temple,
          minmay_misc_feat_nine_boxes, uniq_amaemon
D:9:      layout_layer_cave, nicolae_ru_the_path_less_chosen,
          gammafunk_temple_overflow_arena, nicolae_overflow_crystal_walls,
          minitemple, serial_shops, kennysheep_mini_moat,
          nicolae_shop_window_shopping, chequers_serial_rivers_micro_a,
          hangedman_decor_points, uniq_psyche
D:10:     layout_cave_pods, erik_lair_island, hex_medium,
          kennysheep_generic_room_7
D:11:     layout_long_grid, kennysheep_generic_room_5
D:12:     layout_loops_ring, kennysheep_orc_monster_closet_entryway
D:13:     layout_irregular_city, serial_shops, kennysheep_little_box,
          nicolae_elyvilon_temple_path
D:14:     minmay_the_grid_triangle_9x9_recursive_2
          [minmay_the_grid_triangle_9x9_prize_center,
          minmay_the_grid_triangle_9x9_checkered,
          minmay_the_grid_triangle_9x9_steps,
          minmay_the_grid_triangle_9x9_descending_squares], layout_gridville,
          hangedman_vaults_entry_quadrant_bands, reono_crystal_passage,
          serial_rivers, chequers_serial_rivers_small_b,
          chequers_serial_rivers_small_b, chequers_serial_rivers_micro_e,
          chequers_serial_rivers_micro_b, chequers_serial_rivers_small_b,
          chequers_serial_rivers_marsh
D:15:     hangedman_depths_entry_civil_slaughter, layout_cave_pools,
          gammafunk_ghost_spectres
Lair:1:   layout_big_grid
Lair:2:   dpeg_oklob_shooting_range, layout_regular_city,
          elwin_shoals_entry_rocks, spider_nest_entry_funnel_web,
          grunt_megastairs_3
Lair:3:   layout_gridlike, serial_bayou_pond_c, infiniplex_staircase_pool_2,
          grunt_megastairs_2, serial_bayou_shore_b
Lair:4:   layout_long_grid
Lair:5:   evilmike_catoblepas_cave, layout_loops_ring,
          minmay_slime_entry_oklob_enclosed
Orc:1:    layout_diamond_mine, basic_altar
Orc:2:    grunt_orc_tribal_feast, layout_diamond_mine

Skill      XL: |  1  2  3  4  5  6  7  8  9 10 11 12 13 14 15 |
---------------+----------------------------------------------+-----
Spellcasting   | 5 6 7 8 9 10 11 | 11.3
Invocations    | 1 2 3 4 5 6 7 8 9 10 11 | 11.1
Fighting       | 1 2 3 5 6 7 8 9 10 | 10.2
Short Blades   | 1 2 3 5 6 7 8 9 10 | 10.2
Long Blades    | 1 2 3 5 6 7 8 9 10 | 10.2
Axes           | 1 2 3 5 6 7 8 9 10 | 10.2
Maces & Flails | 1 2 3 5 6 7 8 9 10 | 10.2
Polearms       | 1 2 3 5 6 7 8 9 10 | 10.2
Staves         | 1 2 3 5 6 7 8 9 10 | 10.2
Ranged Weapons | 1 2 3 5 6 7 8 9 10 | 10.2
Throwing       | 1 2 3 5 6 7 8 9 10 | 10.2
Armour         | 1 2 3 5 6 7 8 9 10 | 10.2
Shields        | 1 2 3 5 6 7 8 9 10 | 10.2
Unarmed Combat | 1 2 3 5 6 7 8 9 10 | 10.2
Evocations     | 1 2 3 5 6 7 8 9 10 | 10.2
Hexes          | 1 2 3 4 5 6 7 8 |  8.5
Summonings     | 1 2 3 4 5 6 7 8 |  8.5
Necromancy     | 1 2 3 4 5 6 7 8 |  8.5
Translocations | 1 2 3 4 5 6 7 8 |  8.5
Transmutations | 1 2 3 4 5 6 7 8 |  8.5
Fire Magic     | 1 2 3 4 5 6 7 8 |  8.5
Ice Magic      | 1 2 3 4 5 6 7 8 |  8.5
Air Magic      | 1 2 3 4 5 6 7 8 |  8.5
Earth Magic    | 1 2 3 4 5 6 7 8 |  8.5
Poison Magic   | 1 2 3 4 5 6 7 8 |  8.5
Dodging        | 5 6 7 8 9 10 11 | 11.2
Stealth        | 5 6 7 8 9 10 11 | 11.0
Conjurations   | 8 9 10 11 | 11.1

Action                   |  1- 3 |  4- 6 |  7- 9 | 10-12 | 13-15 || total
-------------------------+-------+-------+-------+-------+-------++-------
Melee: Unarmed           |     3 |       |       |       |       ||     3
       Dagger            |    19 |    10 |       |       |       ||    29
       Bite              |     2 |     2 |    17 |    36 |    21 ||    78
       Falchion          |       |       |   113 |   193 |    76 ||   382
       Short sword       |       |       |       |    12 |       ||    12
       Hand axe          |       |       |       |       |    36 ||    36
       Staff             |       |       |       |       |     2 ||     2
       Long sword        |       |       |       |       |    12 ||    12
Throw: Throwing net      |       |       |       |       |     1 ||     1
 Cast: Magic Dart        |    27 |    57 |    50 |    96 |    56 ||   286
       Searing Ray       |     3 |    19 |    14 |    65 |    81 ||   182
       Iskenderun's Myst |       |     1 |       |    45 |    66 ||   112
       Frozen Ramparts   |       |       |     1 |     6 |       ||     7
       Dazzling Flash    |       |       |       |     3 |       ||     3
       Hailstorm         |       |       |       |     1 |     1 ||     2
       Summon Guardian G |       |       |       |       |    42 ||    42
       Summon Mana Viper |       |       |       |       |    47 ||    47
       Blink             |       |       |       |       |     3 ||     3
Invok: Ancestor Life: Ba |       |     1 |       |       |       ||     1
       Idealise          |       |       |       |     1 |     1 ||     2
Evoke: Wand              |       |       |       |     2 |    10 ||    12
  Use: Scroll            |       |     5 |    12 |     7 |     8 ||    32
       Potion            |       |       |       |     2 |    11 ||    13
 Stab: Sleeping          |     2 |     1 |     6 |     2 |       ||    11
       Distracted        |       |       |     1 |     1 |     2 ||     4
       Invisible         |       |       |       |     1 |       ||     1
Armor: Robe              |     3 |     2 |    11 |     3 |       ||    19
       Steam dragon scal |       |       |       |    59 |     6 ||    65
       Ring mail         |       |       |       |       |    63 ||    63
Dodge: Dodged            |    16 |    13 |    68 |   131 |    87 ||   315
Block: Buckler           |       |       |    44 |    89 |    99 ||   232
       Reflection        |       |       |       |       |     4 ||     4
